 Dungeon Crawl Stone Soup version 0.31.0-4-g52a2dc7128 (webtiles) character file.

Game seed: 6615079203704303585

22287 Laraso the Thaumaturge (level 12, -1/61 HPs)
             Began as a Vine Stalker Ice Elementalist on Jan 21, 2024.
             Was an Elder of Sif Muna.
             Succumbed to a cane toad's poison
             ... on level 2 of the Lair of Beasts.
             The game lasted 00:24:57 (11617 turns).

Laraso the Thaumaturge (VSIE)                      Turns: 11617, Time: 00:24:57

Health: -1/61      AC: 19    Str: 15    XL:     12   Next: 98%
Magic:  25/29      EV: 11    Int: 19    God:    Sif Muna [****..]
Gold:   341        SH:  0    Dex: 16    Spells: 25/35 levels left

rFire   . . .        k - +9 short sword of the Twenty Xalams {flame, ^Fragile rElec Str+4}
rCold   . . .        (no shield)
rNeg    . . .        D - +0 acid dragon scales
rPois   .            s - +1 hat
rElec   +            (no cloak)
rCorr   +            t - +0 pair of gloves
SInv    .            (no boots)
Will    ++...        (no amulet)
Stlth   ++           g - ring of willpower
HPRegen 1.10/turn    z - +4 ring of protection
MPRegen 0.21/turn

%: guardian spirit
@: lethally poisoned (-1 -> -6), ice-armoured, freezing walls
A: fangs 3, regeneration 1, magic shield, antimagic bite, no potion heal 2
a: Renounce Religion, Channel Magic, Forget Spell, Divine Exegesis


You were on level 2 of the Lair of Beasts.
You worshipped Sif Muna.
Sif Muna was greatly pleased with you.
You visited 3 branches of the dungeon, and saw 14 of its levels.

You collected 677 gold pieces.
You spent 336 gold pieces at shops.

Inventory:

Hand Weapons
 k - the +9 short sword of the Twenty Xalams (weapon) {flame, ^Fragile rElec Str+4}
   (You bought it in a shop on level 4 of the Dungeon)

   Str+4:     It affects your strength (+4).
   rElec:     It insulates you from electricity.
   ^Fragile:  It will be destroyed if unequipped.
Missiles
 y - 10 curare-tipped darts
Armour
 s - a +1 hat (worn)
 t - a +0 pair of gloves (worn)
 D - +0 acid dragon scales (worn)
 E - the +0 robe of Xidwek {rN+}
   (You found it on level 9 of the Dungeon)

   rN+:       It protects you from negative energy.
Magical Staves
 p - a staff of cold
Jewellery
 g - a ring of willpower (left hand)
 w - a ring of fire
 z - a +4 ring of protection (right hand)
Wands
 b - a wand of polymorph (13)
 c - a wand of paralysis (1)
 v - a wand of flame (9)
 G - a wand of iceblast (2)
Scrolls
 a - a scroll of immolation
 d - a scroll of fear
 n - 3 scrolls of amnesia
 q - 4 scrolls of teleportation
 u - 2 scrolls of poison
 F - a scroll of brand weapon
 H - a scroll of vulnerability {unknown}
Potions
 e - 3 potions of enlightenment
 f - 4 potions of mutation
 h - 3 potions of attraction
 i - 2 potions of lignification {unknown}
 j - a potion of resistance {unknown}
 l - 3 potions of curing
 m - 3 potions of degeneration
 o - 2 potions of heal wounds {unknown}
 r - 2 potions of haste
 x - a potion of brilliance
 B - a potion of berserk rage {unknown}


   Skills:
 - Level 6.0 Fighting
 - Level 10.0 Short Blades
 * Level 4.4 Armour
 - Level 1.5 Dodging
 - Level 2.4 Stealth
 - Level 12.0 Spellcasting
 - Level 4.0 Summonings
 - Level 8.0 Ice Magic
 - Level 8.0 Invocations
 * Level 1.6 Evocations


You had 25 spell levels left.
You knew the following spells:

 Your Spells              Type           Power      Damage    Failure   Level
a - Freeze                Ice            100%       1d10      1%          1
b - Frozen Ramparts       Ice            82%        1d13      1%          3
c - Ozocubu's Armour      Ice            41%        N/A       1%          3
d - Summon Ice Beast      Ice/Summ       34%        N/A       1%          3

Your spell library contained the following spells:

 Spells                   Type           Power      Damage    Failure   Level
 Magic Dart               Conj           44%        1d5       9%          1
 Sting                    Conj/Alch      44%        1d5       9%          1
 Mercury Vapours          Alch/Air       22%        N/A       12%         2
 Summon Blazeheart Golem  Fire/Summ      19%        N/A       34%         4
 Olgreb's Toxic Radiance  Alch           11%        N/A       63%         4
 Alistair's Intoxication  Alch           7%         N/A       92%         5
 Borgnjor's Vile Clutch   Necr/Erth      5%         N/A       92%         5
 Eringya's Noxious Bog    Alch           5%         4d6       100%        6
 Chain Lightning          Conj/Air       5%         3d7       100%        9


Dungeon Overview and Level Annotations

Branches:
Dungeon (11/15)            Temple (1/1) D:5            Lair (2/5) D:10
    Orc (0/2) D:10
  Swamp: Lair:2-3    Shoals: Lair:2-3     Snake: Lair:2-3    Spider: Lair:2-3

Altars:
Ashenzari
Cheibriados
Dithmenos
Elyvilon
Fedhas
Gozag
Hepliaklqana
Kikubaaqudgha
Makhleb
Nemelex Xobeh
Okawaru
Qazlal
Ru
Sif Muna
Trog
Uskayaw
Vehumet
Wu Jian
Xom
Yredelemnul
Zin
The Shining One

Shops:
D:4 (*(   D:5 (   D:7 ?   D:9 [

Annotations:
D:7 3 runed translucent doors, Vadun's ghost, novice TrBe
Lair:2 exclusion: oklob plant


Innate Abilities, Weirdness & Mutations

You have razor-sharp teeth.
Your natural rate of healing is unusually fast.
When hurt, damage is shared between your health and your magic reserves.
Your bite disrupts and absorbs the magic of your enemies.
Potions cannot restore your health.


Message History

The cane toad poisons you!
Unknown command.
You hit the cane toad. You burn the cane toad. You bite the cane toad.
You drain its power.
You feel invigorated.
The cane toad is heavily wounded.
You feel very sick.
The wall freezes the water moccasin.
The wall freezes the cane toad.
The cane toad seems to slow down.
The cane toad closely misses you.
The wall freezes the cane toad.
The cane toad stings you.
You hit the cane toad. You burn the cane toad.
You bite the cane toad, but do no damage.
The cane toad is severely wounded.
* * * LOW HITPOINT WARNING * * *
You feel very sick.
Unknown command.
Your system rejects the healing.
You feel better.
The wall freezes the cane toad.
The cane toad stings you but does no damage.
The wall freezes the cane toad.
The cane toad barely misses you.
The wall freezes the water moccasin.
Unknown command.
You puncture the cane toad! You burn the cane toad.
You kill the cane toad!
Sif Muna accepts your kill.
The wall freezes the cane toad.
The cane toad stings you!
* * * LOW HITPOINT WARNING * * *
You are poisoned.
The cane toad poisons you!
Casting: Ozocubu's Armour (safe; 1% risk of failure)
Confirm with . or Enter, or press ? or * to list all spells.
A chill wind blows around you.
* * * LOW HITPOINT WARNING * * *
You feel very sick.
The wall freezes the cane toad but does no damage.
The cane toad stings you!
* * * LOW HITPOINT WARNING * * *
The wall freezes the water moccasin.
Unknown command.
Magic courses through your body.
You die...

##......## ###.# ##.
#.P..##..#### #...# #..
.......>...^## ####...# #.
.............###....†.###.###
........................#....
.............###.##.....# ##
.............##.###.....####.
...........F#### #......#...
...........Y@# ##..##...#.
##P+..#.P#.### ###.#..P#.
#........# #.#..## ####..#.##
###.P# ....... #..##
..(...... P.+.. ..........
..... .... ...... .....


You could see a cane toad (ally target) and a friendly ice beast (summoned).

Vanquished Creatures
  2 two-headed ogres (D:10)
  2 death yaks (Lair:1)
  Sonja (Lair:2)
  3 black mambas (Lair:1)
  Joseph (D:8)
  8 cane toads
  Maggie (D:8)
  A rime drake (Lair:1)
  A komodo dragon (D:10)
  2 trolls
  A shadow (D:9)
  25 yaks
  A wraith (D:9)
  2 basilisks (Lair:1)
  Grum (D:8)
  2 steam dragons
  4 vampire mosquitoes (D:10)
  An acid dragon (D:9)
  9 water moccasins
  2 orc warriors
  2 sky beasts
  5 black bears
  An ice beast (D:8)
  2 centaurs
  9 wolves
  A phantom (D:5)
  2 kobold brigands
  Blork the orc (D:6)
  12 bullfrogs
  4 scorpions
  13 wights
  6 killer bees
  3 howler monkeys
  2 bombardier beetles
  2 hounds
  2 jellies
  A gnoll bouda (D:6)
  Jessica (D:3)
  4 sleepcaps
  4 orc wizards
  8 gnolls
  8 adders
  A shadow imp (D:5)
  2 white imps (D:7)
  2 ufetubi (D:5)
  A ribbon worm (D:2)
  2 dart slugs
  24 orcs
  2 bats
  6 endoplasms
  5 goblins
  7 hobgoblins
  23 kobolds
  2 quokkas
  6 ball pythons
  A frilled lizard (D:1)
  6 rats
253 creatures vanquished.

Vanquished Creatures (collateral kills)
  A two-headed ogre (D:10)
  2 death yaks (Lair:1)
  A cane toad (Lair:1)
  8 yaks
  An orc warrior (D:7)
  A black bear (Lair:1)
  A kobold brigand (D:7)
  2 bullfrogs
  2 wights (D:8)
  An orc (D:7)
  3 kobolds (D:7)
23 creatures vanquished.

Grand Total: 276 creatures vanquished

Notes
Turn   | Place    | Note
-------+----------+-------------------------------------------
     0 | D:1      | Laraso the Vine Stalker Ice Elementalist began the quest
                  | for the Orb.
     0 | D:1      | Reached XP level 1. HP: 9/9 MP: 4/4
   251 | D:1      | Reached XP level 2. HP: 11/13 MP: 0/6
   322 | D:1      | Reached skill level 3 in Spellcasting
   747 | D:1      | Reached XP level 3. HP: 16/16 MP: 5/9
  1635 | D:3      | Reached skill level 4 in Spellcasting
  1664 | D:3      | Noticed Jessica
  1680 | D:3      | Killed Jessica
  1681 | D:3      | Reached XP level 4. HP: 14/21 MP: 3/11
  2081 | D:3      | Learned a level 3 spell: Frozen Ramparts
  2085 | D:3      | Learned a level 3 spell: Ozocubu's Armour
  2089 | D:3      | Learned a level 3 spell: Summon Ice Beast
  2167 | D:3      | Reached skill level 5 in Spellcasting
  2465 | D:4      | Reached XP level 5. HP: 21/24 MP: 7/13
  2591 | D:4      | Reached skill level 6 in Spellcasting
  2653 | D:4      | Found Qoucitwo's Weapon Emporium.
  2680 | D:4      | Found Essas's Antique Weapon Shop.
  2694 | D:4      | Reached XP level 6. HP: 28/28 MP: 11/16
  3073 | D:4      | Found Laudaa's Assorted Antiques.
  3219 | D:4      | Found a snail-covered altar of Cheibriados.
  3265 | D:5      | Entered Level 5 of the Dungeon
  3296 | D:4      | Bought a crude short sword for 152 gold pieces
  3296 | D:4      | Identified the +9 short sword of the Twenty Xalams {flame,
                  | ^Fragile rElec Str+4} (You bought it in a shop on level 4
                  | of the Dungeon)
  3407 | D:5      | Reached skill level 7 in Spellcasting
  3433 | D:5      | Reached XP level 7. HP: 32/32 MP: 14/18
  3550 | D:5      | Reached skill level 8 in Spellcasting
  3683 | D:5      | Reached skill level 1 in Summonings
  4155 | D:5      | Found a white marble altar of Elyvilon.
  4198 | D:5      | Found Vonluneejuw's Antique Weapon Emporium.
  4274 | D:5      | Found a staircase to the Ecumenical Temple.
  4280 | D:5      | Reached skill level 5 in Ice Magic
  4280 | D:5      | Gained mutation: You have razor-sharp teeth. [Vine Stalker
                  | growth]
  4280 | D:5      | Reached XP level 8. HP: 35/36 MP: 13/21
  4287 | Temple   | Entered the Ecumenical Temple
  4355 | Temple   | Became a worshipper of Sif Muna the Loreminder
  4974 | D:6      | Noticed Blork the orc
  4982 | D:6      | Killed Blork the orc
  5139 | D:6      | Found a hazy altar of Hepliaklqana.
  5396 | D:7      | Found a runed translucent gate.
  5396 | D:7      | Found a runed translucent gate.
  5396 | D:7      | Found a runed translucent gate.
  5397 | D:7      | Noticed Vadun's ghost (novice TrBe)
  5460 | D:7      | Reached skill level 1 in Short Blades
  5513 | D:7      | Found Lurap's Magic Scroll Boutique.
  5713 | D:7      | Reached XP level 9. HP: 33/39 MP: 13/22
  5714 | D:7      | Reached * piety under Sif Muna
  6143 | D:7      | Found an opulent altar of Gozag.
  6253 | D:7      | Reached skill level 1 in Invocations
  6878 | D:8      | Noticed Grum
  6879 | D:8      | Noticed Maggie
  6921 | D:8      | Killed Grum
  6932 | D:8      | Reached skill level 5 in Invocations
  7083 | D:8      | Noticed Joseph
  7091 | D:8      | Paralysed by a centaur for 4 turns
  7096 | D:8      | Killed Maggie
  7097 | D:8      | Reached XP level 10. HP: 9/44 MP: 4/23
  7102 | D:8      | Killed Joseph
  7103 | D:8      | Reached skill level 5 in Short Blades
  7654 | D:8      | Found a burning altar of Makhleb.
  7901 | D:9      | Found Yrit Ole's Armour Emporium.
  8019 | D:4      | Bought a bone short sword for 184 gold pieces
  8019 | D:4      | Identified the +1 short sword "Coafatut" {holy, Dex+3} (You
                  | bought it in a shop on level 4 of the Dungeon)
  8270 | D:9      | Found a broken altar of Ashenzari.
  8648 | D:9      | Reached ** piety under Sif Muna
  8671 | D:9      | Found a shimmering altar of Xom.
  8742 | D:9      | Identified the +0 robe of Xidwek {rN+}
  9196 | D:10     | Entered Level 10 of the Dungeon
  9207 | D:10     | Reached XP level 11. HP: 47/47 MP: 20/24
  9422 | D:10     | Noticed a two-headed ogre
  9431 | D:10     | Killed a two-headed ogre
  9445 | D:10     | Noticed a two-headed ogre
  9459 | D:10     | Killed a two-headed ogre
  9513 | D:10     | Reached skill level 10 in Short Blades
  9567 | D:10     | Found a staircase to the Orcish Mines.
  9652 | D:10     | Noticed a two-headed ogre
  9664 | D:10     | Killed a two-headed ogre
  9664 | D:10     | Reached *** piety under Sif Muna
  9671 | D:10     | Reached skill level 9 in Spellcasting
  9756 | D:10     | Found a staircase to the Lair.
 10365 | Lair:1   | Entered Level 1 of the Lair of Beasts
 10418 | Lair:1   | Reached skill level 10 in Spellcasting
 10497 | Lair:1   | Reached skill level 11 in Spellcasting
 10497 | Lair:1   | Reached XP level 12. HP: 45/51 MP: 17/28
 10604 | Lair:1   | Reached skill level 12 in Spellcasting
 10644 | Lair:1   | Reached skill level 1 in Fighting
 10805 | Lair:1   | Identified the +7 quarterstaff of Usuocw {antimagic, ^Drain
                  | rPois rCorr Int+8}
 10910 | Lair:1   | Noticed a death yak
 10911 | Lair:1   | Noticed a death yak
 10917 | Lair:1   | Noticed a death yak
 10920 | Lair:1   | Noticed a death yak
 10927 | Lair:1   | Reached **** piety under Sif Muna
 10930 | Lair:1   | Killed a death yak
 10936 | Lair:1   | Killed a death yak
 10937 | Lair:1   | Reached skill level 5 in Fighting
 10954 | Lair:1   | Killed a death yak
 10964 | Lair:1   | Killed a death yak
 11397 | Lair:2   | Got Qiodiarghe's Writings on the Sun and the Impact
 11405 | Lair:2   | Noticed Sonja
 11431 | Lair:2   | Killed Sonja
 11572 | Lair:2   | Reached skill level 1 in Evocations
 11616 | Lair:2   | HP: 1/61 [cane toad (6)]
 11617 | Lair:2   | Succumbed to a cane toad's poison

Illustrated notes

Levels and vault maps discovered:
D:1:      evilmike_arrival_plus, layout_basic
D:2:      layout_basic, kennysheep_donut
D:3:      layout_rooms, nicolae_kite_square_tiling_tiny, uniq_jessica
D:4:      layout_basic, marbit_many_paths, serial_shops,
          nicolae_shop_overgrown_old_shop, shop, nicolae_shop_waterfront,
          minmay_door_square
D:5:      layout_cave_pools, mainiacjoe_overflow_alcove_4,
          minmay_temple_entry_nine_rooms, serial_shops, shop, chequers_avenue,
          due_unseen_surprise
D:6:      layout_rooms, worldfamousw_hep_ancestral_shrine, uniq_blork_the_orc
D:7:      layout_gridville, nicolae_gozag_cash_rules_everything_around_me,
          gammafunk_ghost_necromancy, nicolae_take_the_stairs
D:8:      layout_loops_ring, lightli_temple_of_fire, uniq_maggie, uniq_grum,
          uniq_joseph
D:9:      layout_cave_pods, mainiacjoe_overflow_catch_the_wave, serial_shops,
          nicolae_shop_tiny_statue_garden, chequers_serial_rivers_marsh,
          kennysheep_flooded_box, statue_in_the_mist_lemuel, minmay_between
D:10:     layout_long_grid, due_lair_maze_entry_diamond, orc_0_dummy,
          serial_rivers, chequers_serial_rivers_room_a,
          chequers_serial_rivers_small_a, chequers_serial_rivers_micro_b,
          chequers_serial_rivers_room_a, chequers_serial_rivers_micro_a
D:11:     layout_basic, serial_shops, nicolae_shop_statue_plus,
          kennysheep_little_box, uniq_lodul
Temple:   regret_index_temple_waves
Lair:1:   layout_loops_ring, pdpol_lair_neglected_garden, beast_lair_carwin_5,
          serial_bayou_shore_a
Lair:2:   layout_roguey [special_room_bee], beast_lair_carwin_7,
          lemuel_fruit_tree, serial_bayou_shore_b, infiniplex_staircase_pool,
          grunt_megastairs_2, uniq_sonja

Skill      XL: |  1  2  3  4  5  6  7  8  9 10 11 12 |
---------------+-------------------------------------+-----
Spellcasting   | 3 4 5 6 7 8 11 12 | 12.0
Summonings     | 2 4 |  4.0
Ice Magic      | 5 7 8 |  8.0
Short Blades   | 2 4 8 10 | 10.0
Invocations    | 5 8 |  8.0
Fighting       | 6 |  6.0
Armour         | 4 |  4.4
Evocations     | 1 |  1.6
Dodging        | |  1.5
Stealth        | |  2.4

Action                     |  1- 3 |  4- 6 |  7- 9 | 10-12 || total
---------------------------+-------+-------+-------+-------++-------
  Melee: Short sword       |    24 |     7 |   133 |   361 ||   525
         Unarmed           |     4 |       |       |       ||     4
         Bite              |     4 |     9 |    34 |   123 ||   170
         Dagger            |       |    33 |       |       ||    33
         Punch             |       |     1 |     4 |     3 ||     8
   Cast: Freeze            |    48 |    45 |    31 |     4 ||   128
         Frozen Ramparts   |       |     1 |    19 |    34 ||    54
         Summon Ice Beast  |       |       |    14 |    32 ||    46
         Ozocubu's Armour  |       |       |     8 |    31 ||    39
 Invoke: Channel Magic     |       |       |     3 |     2 ||     5
  Evoke: Wand              |       |       |       |     7 ||     7
    Use: Scroll            |       |     7 |     7 |     8 ||    22
         Potion            |       |       |     1 |     3 ||     4
   Stab: Sleeping          |     9 |     3 |     5 |     4 ||    21
         Distracted        |       |       |       |     3 ||     3
         Paralysed         |       |       |       |     2 ||     2
 Armour: Robe              |    28 |    31 |   165 |    62 ||   286
         Acid dragon scale |       |       |       |   148 ||   148
  Dodge: Dodged            |    41 |    51 |   137 |   117 ||   346
